 Dungeon Sprint DCSS version 0.22-a0-880-gb7b0c8b (webtiles) character file.

15200000 protoss039 the Middleweight Champion (level 27, -25/272 (273) HPs)
             Began as a Ghoul Gladiator on July 30, 2018.
             Was the Champion of Makhleb.
             Annihilated by a meat berserker
             ... wielding a +9 battleaxe
              (74 damage)
             ... in the Dungeon (Sprint VIII: "Arena of Blood").
             The game lasted 00:07:20 (152 turns).

protoss039 the Middleweight Champion (GhGl)          Turns: 152, Time: 00:07:21

HP:   -25/272 (273) AC:  8    Str: 22    XL:     27
MP:   50/53         EV: 34    Int:  3    God:    Makhleb [******]
Gold: 0             SH:  0    Dex: 19    Spells: 80/80 levels left

rFire    . . .     SeeInvis +   k - +∞ Axe of Woe
rCold    + . .     Gourm    .   (shield currently unavailable)
rNeg     + + +     Faith    .   a - +0 leather armour
rPois    ∞         Spirit   .   b - +0 helmet
rElec    .         Reflect  .   (no cloak)
rCorr    .         Harm     .   (no gloves)
MR       ++...     NoTele   +   (no boots)
Stlth    ++++......             (no amulet)
HPRegen  0.00/turn              g - ring of see invisible
MPRegen  0.33/turn              (no ring)

@: marked, rotting, slowed, very slow
A: rotting body, claws 1, carnivore, cold resistance 1, negative energy
resistance 3, inhibited regeneration, torment resistance, unbreathing
0: Orb of Zot
a: Minor Destruction, Lesser Servant of Makhleb, Major Destruction, Greater
Servant of Makhleb, Renounce Religion


You were in the Dungeon.
You worshipped Makhleb.
Makhleb was exalted by your worship.
You were not hungry.

You visited 1 branch

Inventory:

Hand Weapons
 k - the +∞ Axe of Woe (weapon)
   (You found it in the Dungeon)
Missiles
 c - 3 throwing nets (quivered)
Armour
 a - a +0 leather armour (worn)
 b - a +0 helmet (worn)
Jewellery
 g - a ring of see invisible (left claw)
Potions
 e - a potion of curing
 f - a potion of heal wounds
 h - 2 potions of magic
 i - a potion of berserk rage
Comestibles
 d - a ration


   Skills:
 O Level 27 Fighting
 O Level 27 Axes
 O Level 27 Throwing
 O Level 27 Armour
 O Level 27 Dodging
 O Level 27 Stealth
 O Level 27 Unarmed Combat
 O Level 27 Spellcasting
 O Level 27 Invocations


You had 80 spell levels left.
You didn't know any spells.
Your spell library was empty.

Dungeon Overview and Level Annotations

Branches:
Dungeon (1/1)

Altars:
Makhleb


Innate Abilities, Weirdness & Mutations

Your body is rotting away.
You thrive on raw meat.
You are immune to poison.
You have sharp fingernails.
You are carnivorous and can eat meat at any time.
Your flesh is cold resistant. (rC+)
You are immune to negative energy. (rN+++)
You do not regenerate when monsters are visible.
You are immune to unholy pain and torment.
You can survive without breathing.


Message History

The meat beast misses you. The meat beast tramples you.
* * * LOW HITPOINT WARNING * * *
You hold your ground!
An eight-headed meat hydra comes into view.
A bag of meat comes into view. It is wielding a +9 war axe. x2
The destroyer blinks!
The eight-headed meat hydra bites you!
* * * LOW HITPOINT WARNING * * *
The eight-headed meat hydra closely misses you.
The eight-headed meat hydra completely misses you.
The eight-headed meat hydra closely misses you.
The eight-headed meat hydra bites you!
* * * LOW HITPOINT WARNING * * *
The eight-headed meat hydra bites you but does no damage.
The eight-headed meat hydra completely misses you.
The eight-headed meat hydra closely misses you.
A tyrant comes into view.
An eight-headed meat hydra comes into view.
A bag of meat comes into view. It is wielding a +9 war axe.
The meat berserker hits you with a +9 battleaxe!!!!
You die...

.....%.#...o§..#.....
.#..%..#pDG....#.....
...o.o###.WO....###D..
...Do2oL..)###2..S....
...#...D.SS)o).o......
.#.......#Oz§V.#......
.........#_)2)_#......
#.....LL#.2)).#......
...#...)OO@O_pO.......
.....o).2Do###2G......
..O.W.###....§p.###...
...p. #...O...# . ....
#......o# ...
.o2...ooo #.
.D..D..z.. .
.WpM..M...


You could see 2 accurseds, 6 meat beasts, 2 tyrants, 5 eight-headed meat hydras,
a destroyer, 2 observers, 3 scourges, 4 fleshlords, 2 sculptors of flesh, a
large bag of meat (inner flame), 3 dreads, 6 meat berserkers and 8 bags of meat.

Vanquished Creatures
  Dispater (D)
  4 hell knights (D)
  Sigmund (D)
  5 hell beasts (D)
  6 greater mummies (D)
  3 great orbs of eyes (D)
  4 wraiths (D)
  13 vampire knights (D)
  26 ogres (D)
  5 two-headed ogres (D)
  3 liches (D)
  3 hydras (D)
  50 orcs (D)
  A phantom (D)
  4 skeletal warriors (D)
  5 sea snakes (D)
  6 large abominations (D)
  3 small abominations (D)
  15 crawling corpses (D)
158 creatures vanquished.

Vanquished Creatures (others)
  6 crawling corpses (D)
6 creatures vanquished.

Grand Total: 164 creatures vanquished

Notes
Turn   | Place    | Note
-------+----------+-------------------------------------------
     0 | D        | Found the +∞ Axe of Woe
     0 | D        | protoss039 the Ghoul Gladiator began the quest for the Orb.
     0 | D        | Reached XP level 1. HP: 17/17 MP: 0/0
     1 | D        | Noticed a bag of meat
     2 | D        | Noticed a meat berserker
     2 | D        | Noticed a bag of meat
     3 | D        | Became a worshipper of Makhleb the Destroyer
     3 | D        | Noticed a bag of meat
     3 | D        | Noticed a bag of meat
     3 | D        | Noticed a bag of meat
     4 | D        | Noticed a bag of meat
     4 | D        | Noticed a meat berserker
     6 | D        | Killed a bag of meat
     6 | D        | Reached XP level 2. HP: 40/40 MP: 1/1
     6 | D        | Reached XP level 3. HP: 47/47 MP: 2/2
     6 | D        | Reached XP level 4. HP: 55/55 MP: 3/3
     6 | D        | Reached XP level 5. HP: 61/61 MP: 4/4
     6 | D        | Reached XP level 6. HP: 68/68 MP: 5/5
     6 | D        | Reached XP level 7. HP: 74/74 MP: 6/6
     6 | D        | Reached XP level 8. HP: 82/82 MP: 7/7
     6 | D        | Reached XP level 9. HP: 89/89 MP: 8/8
     6 | D        | Reached XP level 10. HP: 96/96 MP: 9/9
     6 | D        | Reached XP level 11. HP: 102/102 MP: 10/10
     6 | D        | Reached XP level 12. HP: 110/110 MP: 11/11
     6 | D        | Noticed a bag of meat
     6 | D        | Noticed a bag of meat
     7 | D        | Killed a meat berserker
     7 | D        | Reached * piety under Makhleb
     7 | D        | Reached XP level 13. HP: 124/124 MP: 12/12
     7 | D        | Reached XP level 14. HP: 132/132 MP: 13/13
     7 | D        | Noticed a bag of meat
     7 | D        | Noticed a bag of meat
     8 | D        | Killed a meat berserker
     8 | D        | Reached skill level 15 in Fighting
     8 | D        | Reached XP level 15. HP: 63/143 MP: 14/14
     9 | D        | Reached ** piety under Makhleb
     9 | D        | Reached skill level 27 in Unarmed Combat
     9 | D        | Reached XP level 16. HP: 157/157 MP: 15/15
     9 | D        | Noticed a meat berserker
    11 | D        | Reached skill level 15 in Throwing
    11 | D        | Reached *** piety under Makhleb
    11 | D        | Reached skill level 5 in Armour
    11 | D        | Reached XP level 17. HP: 124/172 MP: 16/16
    12 | D        | Reached skill level 27 in Dodging
    12 | D        | Noticed a meat berserker
    12 | D        | Noticed a meat berserker
    13 | D        | Killed a meat berserker
    13 | D        | Reached **** piety under Makhleb
    13 | D        | Reached XP level 18. HP: 194/194 MP: 17/17
    13 | D        | Reached skill level 27 in Fighting
    16 | D        | Killed a meat berserker
    16 | D        | Reached skill level 10 in Armour
    16 | D        | Reached XP level 19. HP: 207/207 MP: 18/18
    16 | D        | Reached ***** piety under Makhleb
    16 | D        | Reached skill level 27 in Axes
    17 | D        | Noticed a large bag of meat
    18 | D        | Noticed a meat berserker
    20 | D        | Killed a large bag of meat
    20 | D        | Reached skill level 27 in Throwing
    20 | D        | Reached XP level 20. HP: 210/216 MP: 19/19
    20 | D        | Killed a meat berserker
    21 | D        | Noticed a meat berserker
    21 | D        | Noticed a destroyer
    21 | D        | Noticed a large bag of meat
    23 | D        | Noticed a meat berserker
    23 | D        | Noticed a large bag of meat
    25 | D        | Killed a meat berserker
    25 | D        | Reached skill level 27 in Armour
    25 | D        | Reached XP level 21. HP: 224/224 MP: 20/20
    25 | D        | Noticed a meat berserker
    26 | D        | Killed a destroyer
    27 | D        | Noticed a destroyer
    27 | D        | Noticed a large bag of meat
    28 | D        | Noticed a destroyer
    28 | D        | Noticed a meat berserker
    28 | D        | Noticed a meat berserker
    29 | D        | Noticed a meat berserker
    29 | D        | Noticed a meat berserker
    31 | D        | Killed a meat berserker
    31 | D        | Reached skill level 27 in Stealth
    31 | D        | Reached XP level 22. HP: 233/233 MP: 21/39
    31 | D        | Reached skill level 15 in Spellcasting
    31 | D        | Reached ****** piety under Makhleb
    32 | D        | Reached skill level 27 in Invocations
    32 | D        | Reached XP level 23. HP: 240/240 MP: 21/49
    32 | D        | Reached skill level 27 in Spellcasting
    32 | D        | Noticed a large bag of meat
    34 | D        | Killed a large bag of meat
    34 | D        | Reached XP level 24. HP: 249/249 MP: 21/53
    36 | D        | Noticed a destroyer
    39 | D        | Killed a destroyer
    39 | D        | Reached XP level 25. HP: 257/257 MP: 23/53
    42 | D        | Killed a destroyer
    42 | D        | Noticed a tyrant
    43 | D        | Reached XP level 26. HP: 266/266 MP: 23/53
    49 | D        | Noticed an accursed
    49 | D        | Noticed an accursed
    50 | D        | Noticed a destroyer
    51 | D        | Noticed a destroyer
    54 | D        | Killed a destroyer
    54 | D        | Killed a destroyer
    54 | D        | Reached XP level 27. HP: 273/273 MP: 26/53
    55 | D        | Noticed a destroyer
    57 | D        | Killed a tyrant
    59 | D        | Killed a large bag of meat
    60 | D        | Noticed a meat beast
    62 | D        | Killed a destroyer
    62 | D        | Killed a destroyer
    62 | D        | Killed an accursed
    62 | D        | Killed a large bag of meat
    63 | D        | Noticed a destroyer
    63 | D        | Noticed a destroyer
    64 | D        | Killed a large bag of meat
    65 | D        | Killed a meat beast
    66 | D        | HP: 13/273 [destroyer/+9 great sword of slicing (60)]
    67 | D        | Killed a destroyer
    69 | D        | Noticed a dread
    69 | D        | Noticed a dread
    70 | D        | Noticed a meat beast
    82 | D        | Killed a destroyer
    86 | D        | Killed a meat beast
    87 | D        | Killed a dread
    91 | D        | Noticed an accursed
    94 | D        | Killed an accursed
    98 | D        | Killed an accursed
    99 | D        | Noticed an accursed
   101 | D        | Noticed a destroyer
   102 | D        | Killed a dread
   103 | D        | Noticed an accursed
   110 | D        | Killed a destroyer
   112 | D        | Noticed a meat beast
   118 | D        | Killed a meat beast
   120 | D        | Killed an accursed
   123 | D        | Noticed a fleshlord
   125 | D        | Noticed a fleshlord
   126 | D        | Noticed a tyrant
   129 | D        | Killed an accursed
   131 | D        | Noticed a fleshlord
   131 | D        | Noticed a tyrant
   132 | D        | Killed a fleshlord
   132 | D        | Killed a fleshlord
   132 | D        | Noticed a fleshlord
   133 | D        | Killed a tyrant
   135 | D        | Noticed a dread
   136 | D        | Noticed a meat beast
   136 | D        | Noticed an accursed
   137 | D        | Noticed a destroyer
   137 | D        | Killed a fleshlord
   137 | D        | Noticed a destroyer
   137 | D        | Noticed a dread
   139 | D        | Killed a destroyer
   139 | D        | Killed a meat beast
   140 | D        | Killed a tyrant
   140 | D        | Killed a destroyer
   142 | D        | Noticed The Captor
   142 | D        | Killed a fleshlord
   142 | D        | Killed a dread
   142 | D        | Killed a dread
   142 | D        | Noticed The Meatlord
   145 | D        | Killed an accursed
   145 | D        | Noticed a meat beast
   145 | D        | Noticed a destroyer
   146 | D        | Noticed a fleshlord
   147 | D        | Killed a meat beast
   147 | D        | Noticed a tyrant
   148 | D        | Noticed a dread
   148 | D        | Noticed a large bag of meat
   148 | D        | Noticed a meat beast
   149 | D        | Noticed a meat beast
   150 | D        | Killed The Meatlord
   150 | D        | Killed a destroyer
   150 | D        | Killed The Captor
   150 | D        | Noticed a meat beast
   150 | D        | Noticed a fleshlord
   151 | D        | Noticed a fleshlord
   151 | D        | Got the Orb of Zot
   151 | D        | Noticed a meat beast
   151 | D        | Noticed a tyrant
   151 | D        | Noticed a destroyer
   151 | D        | Noticed a meat beast
   151 | D        | Noticed a fleshlord
   152 | D        | Noticed a fleshlord
   152 | D        | Noticed a meat beast
   152 | D        | Noticed an accursed
   152 | D        | Noticed a tyrant
   152 | D        | Noticed a tyrant
   152 | D        | Annihilated by a meat berserker

Vault maps used:
D:        meatsprint

Skill      XL: |  1  2  3  4  5  6  7  8  9 10 11 12 13 14 15 16 17 18 19 20 21 22 23 |
---------------+----------------------------------------------------------------------+-----
Fighting       | 11 14 15 17 20 25 27 | 27.0
Axes           | 3 6 8 11 14 20 26 27 | 27.0
Throwing       | 9 11 12 14 16 18 21 27 | 27.0
Dodging        | 16 19 22 24 26 27 | 27.0
Unarmed Combat | 19 23 25 27 | 27.0
Armour         | 5 8 10 17 27 | 27.0
Stealth        | 27 | 27.0
Spellcasting   | 14 23 27 | 27.0
Invocations    | 17 27 | 27.0

Action                   |  1- 3 |  4- 6 |  7- 9 | 10-12 | 13-15 | 16-18 | 19-21 | 22-24 | 25-27 || total
-------------------------+-------+-------+-------+-------+-------+-------+-------+-------+-------++-------
Melee: Executioner's axe |     1 |       |       |     1 |     2 |     4 |     4 |     3 |    41 ||    56
Invok: Greater Servant o |       |       |       |       |       |       |       |       |     7 ||     7
  Use: Scroll            |     1 |       |       |       |       |       |       |       |       ||     1
       Potion            |       |       |       |       |       |       |       |     1 |       ||     1
Armor: Leather armour    |       |       |       |       |       |       |       |       |     4 ||     4
Dodge: Dodged            |     1 |       |       |       |       |     1 |     1 |     2 |    32 ||    37

Table legend:
 A = Spawn XP
 B = Non-spawn XP
 C = Spawn XP percentage of total XP
 D = Spawn monster count
 E = Non-spawn monster count
 F = Spawn count percentage of total count
 G = Total turns spent on level
                    A         B        C        D         E        F      G
               +---------+---------+-------+---------+---------+-------+---------
         Total |       0 | 5205322 |   0.0 |       0 |     138 |   0.0 |   152
               +---------+---------+-------+---------+---------+-------+---------
             D |       0 | 5205322 |   0.0 |       0 |     138 |   0.0 |   152
               +---------+---------+-------+---------+---------+-------+---------
